 Dungeon Crawl Stone Soup version 0.26.0-45-g9c1d065592 (webtiles) character file.

Game seed: 3757600995444597365

1722 kaeus the Stinger (level 9, 0/65 HPs)
             Began as a Gnoll Venom Mage on Jan 30, 2021.
             Slain by Harold
             ... wielding a +0 scimitar
              (19 damage)
             ... on level 7 of the Dungeon.
             The game lasted 00:07:27 (6638 turns).

kaeus the Stinger (Gnoll Venom Mage)                Turns: 6638, Time: 00:07:28

Health: 0/65       AC:  7    Str: 12    XL:     9   Next: 4%
Magic:  3/18       EV: 20    Int: 20    God:
Gold:   418        SH:  5    Dex: 15    Spells: 8/20 levels left

rFire    . . .     SeeInvis +   q - +5 club
rCold    . . .     Faith    .   (no shield)
rNeg     . . .     Spirit   .   a - +2 robe
rPois    .         Reflect  +   r - +2 helmet
rElec    .         Harm     .   (no cloak)
rCorr    .         Rampage  .   (no gloves)
Will     .....                  (no boots)
Stlth    +++.......             l - amulet of reflection
HPRegen  0.20/turn              h - ring of see invisible
MPRegen  0.16/turn              o - +4 ring of evasion

@: marked
A: distributed training, fangs 1, strong nose
a: no special abilities


You were on level 7 of the Dungeon.
You visited 1 branch of the dungeon, and saw 7 of its levels.

You collected 418 gold pieces.

Inventory:

Hand Weapons
 q - a +5 club (weapon)
Armour
 a - a +2 robe (worn)
 r - a +2 helmet (worn)
Jewellery
 e - an uncursed ring of protection from fire
 h - a ring of see invisible (left hand)
 l - an amulet of reflection (around neck)
 o - a +4 ring of evasion (right hand)
 u - an uncursed ring of positive energy
 v - a cursed ring of flight
Wands
 t - a wand of iceblast (11)
 w - a wand of polymorph (14)
Scrolls
 b - 2 scrolls of amnesia {unknown}
 d - a scroll of fog {unknown}
 g - 6 scrolls of remove curse
 s - a scroll of noise {unknown}
 x - 2 scrolls of blinking
 y - 2 scrolls of identify
 z - a scroll of enchant armour
 A - 2 scrolls of teleportation
 F - a scroll of immolation {unknown}
Potions
 c - 3 potions of might
 f - a potion of invisibility {unknown}
 i - 2 potions of degeneration {unknown}
 j - a potion of berserk rage {unknown}
 k - 2 potions of magic {unknown}
 m - a potion of heal wounds {unknown}
 n - 7 potions of curing
 p - a potion of lignification {unknown}
 B - a potion of brilliance {unknown}
 C - a potion of attraction {unknown}
 E - a potion of flight {unknown}
 G - a potion of haste {unknown}


   Skills:
 + Level 3.8 Fighting
 + Level 3.8 Short Blades
 + Level 3.8 Long Blades
 + Level 3.8 Axes
 + Level 3.8 Maces & Flails
 + Level 3.8 Polearms
 + Level 3.8 Staves
 + Level 3.8 Slings
 + Level 3.8 Bows
 + Level 3.8 Crossbows
 + Level 3.8 Throwing
 + Level 3.8 Armour
 + Level 6.0 Dodging
 + Level 5.7 Stealth
 + Level 3.8 Shields
 + Level 3.8 Unarmed Combat
 + Level 6.3 Spellcasting
 + Level 3.1 Conjurations
 + Level 3.1 Hexes
 + Level 3.1 Summonings
 + Level 3.1 Necromancy
 + Level 3.1 Translocations
 + Level 3.8 Transmutations
 + Level 3.1 Fire Magic
 + Level 3.1 Ice Magic
 + Level 3.1 Air Magic
 + Level 3.1 Earth Magic
 + Level 6.3 Poison Magic
 + Level 4.2 Invocations
 + Level 3.8 Evocations


You had 8 spell levels left.
You knew the following spells:

 Your Spells              Type           Power        Failure   Level
a - Sting                 Tmut/Pois      100%         1%          1
b - Mephitic Cloud        Conj/Pois/Air  23%          5%          3
c - Ignite Poison         Fire/Tmut/Pois 24%          4%          3
d - Olgreb's Toxic Radia  Pois           31%          8%          4
e - Apportation           Tloc           38%          2%          1

Your spell library contained the following spells:

 Spells                   Type           Power        Failure   Level
 Animate Skeleton         Necr           38%          2%          1
 Corona                   Hex            21%          2%          1
 Summon Small Mammal      Summ           76%          2%          1
 Poisonous Vapours        Pois/Air       50%          2%          2


Dungeon Overview and Level Annotations

Branches:
Dungeon (7/15)             Temple (0/1) D:5

Altars:
Ashenzari
Cheibriados
Okawaru
Qazlal
Sif Muna
Xom
Zin

Annotations:
D:5 1 runed translucent door
D:7 Harold


Innate Abilities, Weirdness & Mutations

Your experience applies equally to all skills.
You have very sharp teeth.
Your uncanny sense of smell can sniff out nearby items.


Message History

The mark upon you grows brighter.
You hit Harold but do no damage. You bite Harold, but do no damage.
Harold is almost dead.
Harold closely misses you.
You hit Harold but do no damage. Your bite misses Harold.
Harold is almost dead.
Harold casts a spell at you. The mark upon you grows brighter.
You barely miss Harold.
Harold is almost dead.
Harold barely misses you.
You hit Harold.
Harold is almost dead.
Harold hits you with a +0 scimitar!
* * * LOW HITPOINT WARNING * * *
You take 8 damage, and have 19/65 hp.
You hit Harold.
Harold is almost dead.
Harold hits you with a +0 scimitar!!
You die...

##...........#
..............#
........)....#
.......$....#
...........#
...........###
#............####
##........#..####
#@@...#..##.....##
.....?.)...#.>#.......#
..)..#...(....(.......#
..<...................##
.....))#......#........#
.##)..####......#.#....#
.#.# #........#....#
.#.# #..............#
##.............#


You could see Harold (very poisoned).

Vanquished Creatures
  A soldier ant (D:5)
  A black bear (D:4)
  2 ice beasts (D:6)
  2 orc warriors
  An ogre (D:6)
  2 bullfrogs (D:6)
  3 scorpions
  A bullfrog zombie (D:5)
  A hound (D:5)
  A jelly (D:5)
  3 orc wizards
  An orc priest (D:3)
  A bullfrog skeleton (D:6)
  3 iguanas
  7 worker ants
  Robin (D:3)
  4 gnolls (D:6)
  10 adders
  A shadow imp (D:6)
  A white imp (D:6)
  2 adder skeletons
  2 worms
  3 leopard geckos
  16 orcs
  6 bats
  8 giant cockroaches
  14 hobgoblins
  23 jackals
  A ball python (D:4)
  4 frilled lizards
  20 goblins
  7 kobolds
  A quokka zombie (D:5)
  3 rats
  4 butterflies (D:5)
161 creatures vanquished.

Notes
Turn   | Place    | Note
-------+----------+-------------------------------------------
     0 | D:1      | kaeus the Gnoll Venom Mage began the quest for the Orb.
     0 | D:1      | Reached XP level 1. HP: 13/13 MP: 6/6
   267 | D:1      | Reached XP level 2. HP: 19/19 MP: 4/7
   881 | D:1      | Reached XP level 3. HP: 13/25 MP: 1/9
  1113 | D:1      | Reached skill level 5 in Spellcasting
  1434 | D:2      | Reached skill level 1 in Invocations
  1675 | D:2      | Reached skill level 1 in Fighting
  1675 | D:2      | Reached skill level 1 in Short Blades
  1675 | D:2      | Reached skill level 1 in Long Blades
  1675 | D:2      | Reached skill level 1 in Axes
  1675 | D:2      | Reached skill level 1 in Maces & Flails
  1675 | D:2      | Reached skill level 1 in Polearms
  1675 | D:2      | Reached skill level 1 in Staves
  1675 | D:2      | Reached skill level 1 in Slings
  1675 | D:2      | Reached skill level 1 in Bows
  1675 | D:2      | Reached skill level 1 in Crossbows
  1675 | D:2      | Reached skill level 1 in Throwing
  1675 | D:2      | Reached skill level 1 in Armour
  1675 | D:2      | Reached skill level 1 in Shields
  1675 | D:2      | Reached skill level 1 in Unarmed Combat
  1675 | D:2      | Reached skill level 1 in Evocations
  1679 | D:2      | Learned a level 3 spell: Mephitic Cloud
  1683 | D:2      | Learned a level 3 spell: Ignite Poison
  1748 | D:2      | Found an iron altar of Okawaru.
  1758 | D:2      | Reached XP level 4. HP: 29/32 MP: 1/11
  1988 | D:2      | Found a shimmering blue altar of Sif Muna.
  2323 | D:2      | Found a glowing silver altar of Zin.
  2327 | D:2      | Found a broken altar of Ashenzari.
  2332 | D:2      | Found a stormy altar of Qazlal.
  2718 | D:3      | Noticed Robin
  2719 | D:3      | Learned a level 4 spell: Olgreb's Toxic Radiance
  2721 | D:3      | Killed Robin
  2722 | D:3      | Reached skill level 1 in Conjurations
  2722 | D:3      | Reached skill level 1 in Hexes
  2722 | D:3      | Reached skill level 1 in Summonings
  2722 | D:3      | Reached skill level 1 in Necromancy
  2722 | D:3      | Reached skill level 1 in Translocations
  2722 | D:3      | Reached skill level 1 in Fire Magic
  2722 | D:3      | Reached skill level 1 in Ice Magic
  2722 | D:3      | Reached skill level 1 in Air Magic
  2722 | D:3      | Reached skill level 1 in Earth Magic
  2891 | D:3      | Reached XP level 5. HP: 37/37 MP: 3/12
  3656 | D:4      | Reached XP level 6. HP: 44/44 MP: 10/13
  3769 | D:4      | Reached skill level 5 in Dodging
  4002 | D:4      | Noticed a black bear
  4013 | D:4      | Killed a black bear
  4014 | D:4      | Reached XP level 7. HP: 40/50 MP: 15/15
  4305 | D:5      | Entered Level 5 of the Dungeon
  4318 | D:5      | Found a broken altar of Ashenzari.
  4543 | D:5      | Found a staircase to the Ecumenical Temple.
  4748 | D:5      | Found a runed translucent door.
  4749 | D:5      | Found a runed translucent door.
  4750 | D:5      | Noticed a soldier ant
  4799 | D:5      | Found a snail-covered altar of Cheibriados.
  5442 | D:5      | Reached skill level 5 in Stealth
  5442 | D:5      | Killed a soldier ant
  5443 | D:5      | Reached XP level 8. HP: 57/57 MP: 4/16
  5921 | D:6      | Learned a level 1 spell: Apportation
  6217 | D:6      | Found a shimmering altar of Xom.
  6619 | D:7      | Noticed Harold
  6627 | D:7      | Reached XP level 9. HP: 38/65 MP: 5/18
  6638 | D:7      | Slain by Harold

Illustrated notes

Levels and vault maps discovered:
D:1:      dpeg_arrival_pits, layout_basic, minmay_box_of_dots
D:2:      lemuel_upstairs_altar, layout_basic, okawaru_gym_becter,
          minmay_overflow_temple_star_quad, minmay_splitting_lines,
          minmay_misc_feat_hallway, lemuel_blue_sif_altar
D:3:      layout_basic, chequers_decorated_corner, uniq_robin
D:4:      layout_rooms
D:5:      lemuel_insect_pit, layout_loops_corners, kennysheep_little_box,
          minmay_temple_entry_drinking_statues, ashenzari_altar_1
D:6:      layout_gridville, brannock_xom_greatest_gift
D:7:      minmay_inner_zag, layout_cave_pools, lightli_church_of_beogh,
          uniq_harold

Skill      XL: |  1  2  3  4  5  6  7  8 |
---------------+-------------------------+-----
Transmutations | 2 3 |  3.8
Spellcasting   | 5 6 |  6.3
Invocations    | 1 2 3 4 |  4.2
Fighting       | 1 2 3 |  3.8
Short Blades   | 1 2 3 |  3.8
Long Blades    | 1 2 3 |  3.8
Axes           | 1 2 3 |  3.8
Maces & Flails | 1 2 3 |  3.8
Polearms       | 1 2 3 |  3.8
Staves         | 1 2 3 |  3.8
Slings         | 1 2 3 |  3.8
Bows           | 1 2 3 |  3.8
Crossbows      | 1 2 3 |  3.8
Throwing       | 1 2 3 |  3.8
Armour         | 1 2 3 |  3.8
Shields        | 1 2 3 |  3.8
Unarmed Combat | 1 2 3 |  3.8
Evocations     | 1 2 3 |  3.8
Conjurations   | 1 2 3 |  3.1
Hexes          | 1 2 3 |  3.1
Summonings     | 1 2 3 |  3.1
Necromancy     | 1 2 3 |  3.1
Translocations | 1 2 3 |  3.1
Fire Magic     | 1 2 3 |  3.1
Ice Magic      | 1 2 3 |  3.1
Air Magic      | 1 2 3 |  3.1
Earth Magic    | 1 2 3 |  3.1
Dodging        | 5 6 |  6.0
Stealth        | 5 |  5.7
Poison Magic   | 6 |  6.3

Action                   |  1- 3 |  4- 6 |  7- 9 || total
-------------------------+-------+-------+-------++-------
Melee: Unarmed           |     7 |       |       ||     7
       Dagger            |    71 |    16 |       ||    87
       Bite              |     4 |     4 |    15 ||    23
       Club              |       |    56 |   134 ||   190
       Punch             |       |       |     5 ||     5
 Cast: Sting             |    50 |    58 |    47 ||   155
       Olgreb's Toxic Ra |       |     5 |     9 ||    14
       Ignite Poison     |       |     1 |     3 ||     4
  Use: Scroll            |       |     8 |     4 ||    12
 Stab: Sleeping          |     1 |       |       ||     1
Armor: Robe              |    13 |    13 |    20 ||    46
Dodge: Dodged            |    71 |    60 |   100 ||   231
Block: Other             |       |    29 |    23 ||    52
       Reflection        |       |     3 |       ||     3
